 Dungeon Crawl Stone Soup version 0.32-a0-630-g46d191b0ed (webtiles) character file.

Game seed: 11494282278542217083

1979 ASSMAN the Fighter (level 9, 0/117 HPs)
             Began as a Coglin Berserker on Mar 7, 2024.
             Was a Believer of Trog.
             Slain by a gnoll sergeant
             ... wielding a +0 trident of pain
              (10 damage)
             ... on level 6 of the Dungeon.
             The game lasted 00:08:42 (5344 turns).

ASSMAN the Fighter (Coglin Berserker)               Turns: 5344, Time: 00:08:43

Health: 0/117      AC: 24    Str: 19    XL:     9   Next: 20%
Magic:  9/9        EV:  2    Int:  8    God:    Trog [**....]
Gold:   336        SH:  0    Dex: 15    Spells: 8/8 levels left

rFire   . . .        p - +2 long sword (holy) {Kasem}
rCold   . . .        a - +0 falchion {Isolde}
rNeg    . . .        B - melded +2 robe {rC+ rF+}
rPois   +            m - melded +2 helmet
rElec   .            A - melded +0 cloak
rCorr   .            (gloves currently unavailable)
SInv    .            (boots currently unavailable)
Will    .....        (no amulet)
Stlth   +            (no ring)
HPRegen 0.39/turn    (no ring)
MPRegen 0.11/turn    (no gizmo)

%: no passive effects
@: brilliant, lethally poisoned (0 -> -11), tree-form, on berserk cooldown,
slowed, revving, very slow
A: stationary, stasis, torment immunity, boosted hp, off-hand wielding, slow
wielding, warmup strikes, (no jewellery)
a: Invent Gizmo, Renounce Religion, Berserk, Trog's Hand


You were on level 6 of the Dungeon.
You worshipped Trog.
Trog was pleased with you.
You were a tree.
You visited 1 branch of the dungeon, and saw 6 of its levels.

You collected 336 gold pieces.

Inventory:

Hand Weapons
 a - a +0 falchion (offhand) {Isolde}
 p - a +2 long sword of holy wrath (weapon) {Kasem}
Armour
 m - a +2 helmet (melded)
 A - a +0 cloak (melded)
 B - a +2 robe of resistance (melded)
Wands
 c - a wand of iceblast (7)
 o - a wand of light (32)
 z - a wand of polymorph (16)
Scrolls
 d - a scroll of summoning
 e - a scroll of blinking {unknown}
 f - a scroll of poison {unknown}
 g - 2 scrolls of fog {unknown}
 h - 4 scrolls of teleportation {unknown}
 k - 5 scrolls of identify
 n - 5 scrolls of torment
 q - a scroll of enchant weapon {unknown}
 t - a scroll of vulnerability {unknown}
 u - a scroll of silence {unknown}
 w - a scroll of noise {unknown}
 y - 3 scrolls of amnesia {unknown}
Potions
 j - a potion of lignification
 l - a potion of haste {unknown}
 r - a potion of attraction {unknown}
 s - a potion of berserk rage
 x - 2 potions of might {unknown}


   Skills:
 - Level 10.0 Fighting
 + Level 7.6 Long Blades
 - Level 1.7 Armour
 - Level 1.7 Dodging


You had 8 spell levels left.
You didn't know any spells.
Your spell library was empty.

Dungeon Overview and Level Annotations

Branches:
Dungeon (6/15)             Temple (0/1) D:4

Altars:
Gozag
Okawaru
Qazlal
Trog

Annotations:
D:6 1 transporter, ForkInBrain's ghost, novice CoWr


Innate Abilities, Weirdness & Mutations

You are a tree.
Your roots penetrate the ground, keeping you stationary.
You cannot be teleported.
You are immune to unholy pain and torment.
Your maximum health is greatly increased.
Your equipment is partially melded.
You can wield a second weapon in your off-hand.
It takes a long time for you to wield or remove held weapons.
Your first few attacks do less damage.
((You cannot equip rings or amulets.))


Message History

You feel better. The gnoll hits you but does no damage.
The gnoll sergeant hits you but does no damage.
ForkInBrain's ghost hits you but does no damage.
The gnoll sergeant hits you but does no damage.
ForkInBrain's ghost hits you but does no damage.
The gnoll completely misses you.
As you read the scroll labelled UVIULI CURA, it crumbles to dust.
It is a scroll of identify.
n - 5 scrolls of torment The gnoll hits you but does no damage.
You are poisoned.
The gnoll sergeant hits you but does no damage.
ForkInBrain's ghost hits you!
You hit ForkInBrain's ghost with your +2 long sword of holy wrath.
ForkInBrain's ghost convulses.
ForkInBrain's ghost is lightly damaged.
You hit ForkInBrain's ghost but do no damage.
You feel very sick. The gnoll hits you but does no damage.
You are more poisoned.
The gnoll sergeant hits you but does no damage.
You writhe in agony.
* * * LOW HITPOINT WARNING * * *
ForkInBrain's ghost hits you!
* * * LOW HITPOINT WARNING * * *
You hit ForkInBrain's ghost but do no damage.
ForkInBrain's ghost is lightly damaged.
You hit ForkInBrain's ghost but do no damage.
You feel very sick.
The gnoll hits you from afar with a +1 halberd of venom.
* * * LOW HITPOINT WARNING * * *
The gnoll sergeant hits you from afar with a +0 trident of pain.
* * * LOW HITPOINT WARNING * * *
You writhe in agony.
* * * LOW HITPOINT WARNING * * *
ForkInBrain's ghost hits you but does no damage.
ForkInBrain's ghost hits you.
* * * LOW HITPOINT WARNING * * *
The gnoll sergeant hits you from afar with a +0 trident of pain!
You die...

.#...≈≈#..#ß###ß#..#≈≈..#
####.≈≈#..###.###..#≈≈..#
###..≈≈#g.........W#≈≈[.#
.....≈≈###.##'##.###≈≈..#
###..≈≈..#.#...#.#..≈≈..#
.##..≈≈.##.#⌠.⌠#g##.≈≈..#
.....≈≈.#..#.).#gg#.≈≈..#
.....≈≈.##)##)##W##.≈≈..#
...#.≈≈..#.#...#♣#......#
..##.~).©#.'.55so#©.....#
...#.≈≈..#.#ß⌠ß#o#......#
##...≈≈.##.#####.##.≈≈..#
.#...≈≈.#©.#g:$#..#.≈≈..#
.....≈≈.##.#W..#.##.≈≈..#
.....≈≈..#.#$$.#g#..≈≈..#
.....≈≈###.##'##.###≈≈.##
.#.#.≈≈#.....g....g#≈≈.#


You could see a gnoll sergeant (ally target), ForkInBrain's ghost (ally target),
3 gnolls, a friendly scorpion (summoned), 2 friendly ufetubi and 2 friendly
orcs.

Vanquished Creatures
  Pikel (D:6)
  Prince Ribbit (D:5)
  Edmund (D:5)
  A black bear (D:4)
  An ogre (D:6)
  2 centaurs (D:5)
  3 lemures (D:6)
  A phantom (D:5)
  2 gnoll sergeants (D:6)
  2 scorpions (D:6)
  A bombardier beetle (D:5)
  2 hounds (D:4)
  2 orc priests (D:4)
  Crazy Yiuf (D:5)
  A jelly (D:4)
  Ijyb (D:5)
  2 iguanas
  5 adders
  13 gnolls
  A shadow imp (D:6)
  2 ufetubi (D:6)
  3 dart slugs
  A ribbon worm (D:2)
  12 orcs
  4 bats
  7 endoplasms
  A giant cockroach (D:4)
  6 goblins
  A hobgoblin (D:2)
  6 jackals
  2 quokkas
  4 ball pythons
  2 frilled lizards
  8 kobolds
  4 rats
107 creatures vanquished.

Vanquished Creatures (others)
  A gnoll (D:6)
1 creature vanquished.

Grand Total: 108 creatures vanquished

Notes
Turn   | Place    | Note
-------+----------+-------------------------------------------
     0 | D:1      | ASSMAN the Coglin Berserker began the quest for the Orb.
     0 | D:1      | Reached XP level 1. HP: 18/18 MP: 1/1
   151 | D:1      | Reached XP level 2. HP: 24/24 MP: 2/2
   732 | D:2      | Found a faded altar of an unknown god.
   745 | D:2      | Reached skill level 4 in Fighting
   834 | D:2      | Reached XP level 3. HP: 25/30 MP: 3/3
   946 | D:2      | Reached XP level 4. HP: 38/38 MP: 4/4
  1067 | D:2      | Reached skill level 5 in Fighting
  1162 | D:2      | Reached ** piety under Trog
  1971 | D:3      | Reached XP level 5. HP: 44/45 MP: 5/5
  2343 | D:4      | Found a staircase to the Ecumenical Temple.
  2374 | D:4      | Reached skill level 6 in Fighting
  2468 | D:4      | Reached XP level 6. HP: 34/53 MP: 6/6
  2565 | D:4      | Noticed a black bear
  2573 | D:4      | Killed a black bear
  2574 | D:4      | Reached skill level 7 in Fighting
  3023 | D:4      | Reached XP level 7. HP: 47/61 MP: 7/7
  3442 | D:5      | Entered Level 5 of the Dungeon
  3491 | D:5      | Noticed Ijyb
  3503 | D:5      | Killed Ijyb
  3504 | D:5      | Reached skill level 8 in Fighting
  3903 | D:5      | Found a runed translucent door.
  3904 | D:5      | Noticed Crazy Yiuf
  4007 | D:5      | Noticed Edmund
  4014 | D:5      | Killed Edmund
  4015 | D:5      | Reached skill level 9 in Fighting
  4244 | D:5      | Reached XP level 8. HP: 54/71 MP: 8/8
  4306 | D:5      | Noticed Prince Ribbit
  4319 | D:5      | Killed Prince Ribbit
  4320 | D:5      | Reached skill level 10 in Fighting
  4496 | D:5      | Killed Crazy Yiuf
  4623 | D:6      | Noticed Pikel
  4640 | D:6      | Killed Pikel
  4762 | D:6      | Reached XP level 9. HP: 62/78 MP: 9/9
  4957 | D:6      | Found an iron altar of Okawaru.
  4982 | D:6      | Identified the +5 kite shield "Loymm" {Rampage rPois}
  5005 | D:6      | Found a transporter.
  5013 | D:6      | Noticed ForkInBrain's ghost (novice CoWr)
  5117 | D:6      | Found a stormy altar of Qazlal.
  5177 | D:6      | Found a bloodstained altar of Trog.
  5212 | D:6      | Found an opulent altar of Gozag.
  5296 | D:6      | Found a transporter.
  5344 | D:6      | Slain by a gnoll sergeant

Illustrated notes

Levels and vault maps discovered:
D:1:      nzn_arrival_depleted_hourglass, layout_basic, grunt_decor_junction,
          serial_bayou_pond_e
D:2:      layout_loops_ring, shapermc_ecumenical_altar_starsandcircs,
          serial_forest, infiniplex_forest_end_2, infiniplex_forest_straight_4,
          infiniplex_forest_end_1, infiniplex_forest_end_double,
          infiniplex_forest_lined_ring, infiniplex_forest_lined_3_way
D:3:      layout_basic
D:4:      layout_loops_corners, minmay_temple_entry_glassed_door
D:5:      layout_loops_ring, kb_lookout_dungeons_type, minmay_misc_feat_room,
          uniq_crazy_yiuf_cottage, uniq_ijyb, uniq_edmund, uniq_prince_ribbit1
D:6:      layout_cave_pools, okawaru_metal_pillars_1_2,
          gammafunk_temple_overflow_forgotten, gammafunk_ghost_gnarly_gnolls,
          uniq_pikel

Skill      XL: |  1  2  3  4  5  6  7  8  9 |
---------------+----------------------------+-----
Fighting       | 4 5 6 7 9 10 | 10.0
Long Blades    | 6 7 |  7.6
Armour         | |  1.7
Dodging        | |  1.7

Action                     |  1- 3 |  4- 6 |  7- 9 || total
---------------------------+-------+-------+-------++-------
  Melee: Falchion          |    55 |   317 |    88 ||   460
         Dagger            |    42 |   246 |       ||   288
         Long sword        |       |    73 |    88 ||   161
 Invoke: Berserk           |     1 |     1 |     7 ||     9
         Trog's Hand       |       |     1 |       ||     1
    Use: Potion            |       |       |     6 ||     6
         Scroll            |       |       |     2 ||     2
   Stab: Sleeping          |     1 |       |     1 ||     2
 Armour: Animal skin       |    23 |       |       ||    23
         Chain mail        |    26 |    96 |    85 ||   207
         Skin              |       |       |    40 ||    40
         Robe              |       |       |    13 ||    13
  Dodge: Dodged            |    22 |    43 |    62 ||   127

Table legend: (Time is in decaauts)
 A = Elapsed time spent in this place.
 B = Non-inter-level travel time spent in this place.
 C = Inter-level travel time spent in this place.
 D = Time resting spent in this place.
 E = Time spent auto-exploring this place.
 F = Levels seen in this place.
 G = Mean time per level.
                   A        B        C        D        E       F      G
               +--------+--------+--------+--------+--------+-----+--------+
         Total |   5478 |   5345 |    133 |    291 |   3988 |   6 |  913.0 |
       Dungeon |   5478 |   5345 |    133 |    291 |   3988 |   6 |  913.0 |
               +--------+--------+--------+--------+--------+-----+--------+

Top non-repeatable levels by time:
     D:5: 1359 daAuts
     D:4: 1191 daAuts
     D:2: 1070 daAuts
     D:1: 717 daAuts
     D:6: 627 daAuts
     D:3: 512 daAuts
